 Dungeon Crawl Stone Soup version 0.24.0-37-gcf1ca852f1 (webtiles) character file.

Game seed: 10037887893972164107, levelgen mode: deterministic

5 FessEmpty the Sneak (level 1, 0/9 HPs)
             Began as a Spriggan Enchanter on Nov 22, 2019.
             Slain by a leopard gecko (2 damage)
             ... on level 1 of the Dungeon.
             The game lasted 00:01:51 (584 turns).

FessEmpty the Sneak (Spriggan Enchanter)             Turns: 584, Time: 00:01:52

Health: 0/9        AC:  2    Str:  4    XL:     1   Next: 66%
Magic:  3/5        EV: 18    Int: 16    God:
Gold:   21         SH:  0    Dex: 16    Spells: 4/5 levels left

rFire    . . .     SeeInvis +   a - +1 dagger
rCold    . . .     Gourm    .   (shield restricted)
rNeg     . . .     Faith    .   b - +0 robe
rPois    .         Spirit   .   (helmet restricted)
rElec    .         Reflect  .   (no cloak)
rCorr    .         Harm     .   (gloves unavailable)
MR       .....                  (boots unavailable)
Stlth    +++.......             (no amulet)
HPRegen  0.03/turn              (no ring)
MPRegen  0.09/turn              (no ring)

@: very quick
A: very small, unfitting armour, see invisible, herbivore, speed 3, slow
metabolism 2
a: no special abilities


You were on level 1 of the Dungeon.
You were not hungry.

You visited 1 branch of the dungeon, and saw 1 of its levels.

You collected 21 gold pieces.

Inventory:

Hand Weapons
 a - a +1 dagger (weapon)
Armour
 b - a +0 robe (worn)
Scrolls
 c - a scroll of magic mapping {unknown}
Comestibles
 d - 3 rations


   Skills:
 + Level 0.3 Fighting
 - Level 1.1 Short Blades
 - Level 3.0 Dodging
 + Level 4.6 Stealth
 + Level 2.8 Spellcasting
 + Level 3.7 Hexes


You had 4 spell levels left.
You knew the following spells:

 Your Spells              Type           Power        Failure   Level  Hunger
a - Corona                Hex            ##.....      4%          1    #......

Your spell library contained the following spells:

 Spells                   Type           Power        Failure   Level  Hunger
 Confuse                  Hex            ##......     12%         3    ###....
 Tukima's Dance           Hex            ##......     12%         3    ###....
 Ensorcelled Hibernation  Hex/Ice        #.....       13%         2    ##.....
 Dazzling Spray           Conj/Hex       #.....       26%         3    ###....


Dungeon Overview and Level Annotations

Branches:
Dungeon (1/15)

Altars:


Innate Abilities, Weirdness & Mutations

You are very small and have problems with some larger weapons.
You are too small for most types of armour.
You have supernaturally acute eyesight. (SInv)
You are a herbivore.
You cover ground extremely quickly.
You need to consume almost no food.


Message History

The hobgoblin barely resists.
The hobgoblin misses you.
Casting: Corona (safe; 4% risk of failure)
Confirm with . or Enter, or press ? or * to list all spells.
Aiming: Corona (safe; 4% risk of failure)
Press: ? - help, Shift-Dir - straight line, f/p - hobgoblin
Aim: a hobgoblin (almost dead, chance to defeat MR: 67%)
You miscast Corona.
You are very lightly contaminated with residual magic.
Nothing appears to happen.
You barely miss the hobgoblin.
The hobgoblin is almost dead.
The hobgoblin closely misses you.
You hit the hobgoblin but do no damage.
The hobgoblin is almost dead.
The hobgoblin hits you with a +0 club. The hobgoblin completely misses you.
You hit the hobgoblin but do no damage.
The hobgoblin is almost dead.
The hobgoblin hits you with a +0 club. The hobgoblin closely misses you.
Casting: Corona (safe; 4% risk of failure)
Confirm with . or Enter, or press ? or * to list all spells.
Aiming: Corona (safe; 4% risk of failure)
Press: ? - help, Shift-Dir - straight line, f/p - hobgoblin
Aim: a hobgoblin (almost dead, chance to defeat MR: 67%)
The hobgoblin is outlined in light.
You hit the hobgoblin but do no damage.
The hobgoblin is almost dead.
The hobgoblin completely misses you. x2
You barely miss the hobgoblin.
The hobgoblin is almost dead.
The hobgoblin misses you. The hobgoblin barely misses you.
You hit the hobgoblin but do no damage.
The hobgoblin is almost dead.
The hobgoblin misses you. The hobgoblin hits you with a +0 club.
* * * LOW HITPOINT WARNING * * *
The hobgoblin completely misses you. The hobgoblin barely misses you.
The hobgoblin misses you.
The hobgoblin hits you but does no damage.
The hobgoblin misses you. The hobgoblin completely misses you.
There is an open door here.
You see here a giant cockroach corpse.
There is an open gate here.
You close the gate.
Something unseen opens the gate.
Your magical contamination has completely faded away.
There is an open door here.
You close the door.
d - 2 rations (gained 1)
Found a leather armour.
Magic restored.
A rat comes into view.
You are too injured to fight recklessly!
You are too injured to fight recklessly!
Found an escape hatch in the floor.
The helpless rat fails to defend itself.
You impale the rat!!
You kill the rat!
You start resting.
HP restored.
A goblin comes into view. It is wielding a -1 club.
There is an escape hatch in the floor here.
The goblin shouts!
Found 10 gold pieces.
Found a stone staircase leading down.
You hit the goblin.
You kill the goblin!
Things that are here:
a cursed -1 club; a goblin corpse You now have 21 gold pieces (gained 10).
c - a scroll labeled PONNYR SOCRUB
Things that are here:
a cursed -1 club; a goblin corpse A goblin comes into view.
It is wielding a +0 dagger.
Okay, then.
Firing (i - inventory) No suitable missiles.
Press: ? - help, Shift-Dir - straight line, f - goblin
Aim: a goblin, wielding a +0 dagger (resting)
Okay, then.
The goblin shouts!
The goblin misses you.
You hit the goblin but do no damage.
Casting: Corona (safe; 4% risk of failure)
Confirm with . or Enter, or press ? or * to list all spells.
Aiming: Corona (safe; 4% risk of failure)
Press: ? - help, Shift-Dir - straight line, f - goblin
Aim: a goblin, wielding a +0 dagger (chance to defeat MR: 68%)
The goblin barely resists.
The goblin hits you with a cursed +0 dagger.
Casting: Corona (safe; 4% risk of failure)
Confirm with . or Enter, or press ? or * to list all spells.
Aiming: Corona (safe; 4% risk of failure)
Press: ? - help, Shift-Dir - straight line, f/p - goblin
Aim: a goblin, wielding a +0 dagger (chance to defeat MR: 68%)
The goblin barely resists.
The goblin closely misses you.
Casting: Corona (safe; 4% risk of failure)
Confirm with . or Enter, or press ? or * to list all spells.
Aiming: Corona (safe; 4% risk of failure)
Press: ? - help, Shift-Dir - straight line, f/p - goblin
Aim: a goblin, wielding a +0 dagger (chance to defeat MR: 68%)
The goblin barely resists.
The goblin hits you but does no damage.
Casting: Corona (safe; 4% risk of failure)
Confirm with . or Enter, or press ? or * to list all spells.
Aiming: Corona (safe; 4% risk of failure)
Press: ? - help, Shift-Dir - straight line, f/p - goblin
Aim: a goblin, wielding a +0 dagger (chance to defeat MR: 68%)
The goblin barely resists.
The goblin completely misses you.
Casting: Corona (safe; 4% risk of failure)
Confirm with . or Enter, or press ? or * to list all spells.
Aiming: Corona (safe; 4% risk of failure)
Press: ? - help, Shift-Dir - straight line, f/p - goblin
Aim: a goblin, wielding a +0 dagger (chance to defeat MR: 68%)
The goblin is outlined in light.
The goblin hits you but does no damage.
You hit the goblin.
The goblin is heavily wounded.
The goblin barely misses you.
You hit the goblin.
You kill the goblin!
No target in view!
Things that are here:
a cursed +0 dagger; a goblin corpse
d - 3 rations (gained 1)
Things that are here:
a cursed +0 dagger; a goblin corpse A bat comes into view.
The bat closely misses you.
Casting: Corona (safe; 4% risk of failure)
Confirm with . or Enter, or press ? or * to list all spells.
Aiming: Corona (safe; 4% risk of failure)
Press: ? - help, Shift-Dir - straight line, f - bat
Aim: a bat (chance to defeat MR: 68%)
The bat is outlined in light.
The bat hits you. The bat completely misses you.
The bat hits you but does no damage.
You hit the bat.
You kill the bat!
No target in view!
You start resting.
A leopard gecko comes into view.
Casting: Corona (safe; 4% risk of failure)
Confirm with . or Enter, or press ? or * to list all spells.
Aiming: Corona (safe; 4% risk of failure)
Press: ? - help, Shift-Dir - straight line, f - leopard gecko
Aim: a leopard gecko (clinging, hasn't noticed you, chance to defeat MR: 68%)
The leopard gecko hisses angrily.
The leopard gecko is outlined in light.
The leopard gecko closely misses you.
You hit the leopard gecko but do no damage.
The leopard gecko barely misses you.
You barely miss the leopard gecko.
The leopard gecko completely misses you.
You hit the leopard gecko.
The leopard gecko is moderately wounded.
The leopard gecko bites you.
You completely miss the leopard gecko.
The leopard gecko is moderately wounded.
The leopard gecko completely misses you.
The leopard gecko misses you.
You hit the leopard gecko.
The leopard gecko is heavily wounded.
The leopard gecko bites you.
You are too injured to fight recklessly!
You are too injured to fight recklessly!
You are too injured to fight recklessly!
You hit the leopard gecko.
The leopard gecko is severely wounded.
The leopard gecko hisses menacingly.
The leopard gecko completely misses you.
You hit the leopard gecko.
The leopard gecko is almost dead.
The leopard gecko bites you but does no damage.
You barely miss the leopard gecko.
The leopard gecko is almost dead.
The leopard gecko misses you.
You barely miss the leopard gecko.
The leopard gecko is almost dead.
The leopard gecko stops glowing.
The leopard gecko bites you but does no damage.
You closely miss the leopard gecko.
The leopard gecko is almost dead.
The leopard gecko bites you.
* * * LOW HITPOINT WARNING * * *
You see here a bat corpse.
You aren't carrying any potions.
Casting: Corona (safe; 4% risk of failure)
Confirm with . or Enter, or press ? or * to list all spells.
Aiming: Corona (safe; 4% risk of failure)
Press: ? - help, Shift-Dir - straight line, f/p - leopard gecko
Aim: a leopard gecko (almost dead, clinging, chance to defeat MR: 68%)
The leopard gecko barely resists.
Casting: Corona (safe; 4% risk of failure)
Confirm with . or Enter, or press ? or * to list all spells.
Aiming: Corona (safe; 4% risk of failure)
Press: ? - help, Shift-Dir - straight line, f/p - leopard gecko
Aim: a leopard gecko (almost dead, clinging, chance to defeat MR: 68%)
The leopard gecko is outlined in light.
You completely miss the leopard gecko.
The leopard gecko is almost dead.
The leopard gecko barely misses you.
You hit the leopard gecko but do no damage.
The leopard gecko is almost dead.
The leopard gecko bites you.
You die...

#.# #.#
#†# #.#
#.#
#####.###
#.......#
#.###.#l#
...#@#
#.###.#
#. ..# #
.### ##


You could see a leopard gecko.

Vanquished Creatures
  A giant cockroach (D:1)
  A bat (D:1)
  2 goblins (D:1)
  2 rats (D:1)
6 creatures vanquished.

Notes
Turn   | Place    | Note
-------+----------+-------------------------------------------
     0 | D:1      | FessEmpty the Spriggan Enchanter began the quest for the
                  | Orb.
     0 | D:1      | Reached XP level 1. HP: 9/9 MP: 5/5
   584 | D:1      | Slain by a leopard gecko

Levels and vault maps discovered:
D:1:      sevenhm_arrival_forest_fort_large_2, layout_basic

Action                   || total
-------------------------++-------
Melee: Dagger            ||    38
 Cast: Corona            ||    16
  Use: Potion            ||     1
 Stab: Sleeping          ||     2
Armor: Robe              ||     4
Dodge: Dodged            ||    47
